BLB
LOS ANGELES DINOS @ DENVER BULLS
06/02/2060
 
TOP OF THE 1ST
Los Angeles Dinos batting - Pitching for Denver Bulls : LHP Jayden Heim
Pitching: LHP Jayden Heim
Batting: RHB Cody Turner 0-0: Ball
1-0: Ball
2-0: SINGLE (Flyball, 6D, EV 93.8 MPH)
Batting: RHB Rob Detling 0-0: Called Strike
0-1: Called Strike
Cody Turner steals 2nd base
0-2: Strikes out swinging
Batting: LHB Tris Chikumbu 0-0: Called Strike
0-1: Called Strike
0-2: Ball
1-2: Strikes out swinging
Batting: RHB Andy Dillon 0-0: Ball
1-0: Ball
2-0: Called Strike
2-1: Ball
3-1: Base on Balls
Batting: RHB Vince Cox 0-0: Foul Ball, location: 2F
0-1: Fly out, F2 (Popup, 23F, EV 95.6 MPH)
Top of the 1st over - 0 runs, 1 hit, 0 errors, 2 left on base; Los Angeles 0 - Denver 0
BOTTOM OF THE 1ST
Denver Bulls batting - Pitching for Los Angeles Dinos : RHP Phil Russell
Pitching: RHP Phil Russell
Batting: LHB Johnathan Wang 0-0: Foul Ball, location: 2F
0-1: Foul Ball, location: 2F
0-2: Ball
1-2: Foul Ball, location: 2F
1-2: Foul Ball, location: 2F
1-2: Strikes out swinging
Batting: SHB T.J. Carter 0-0: SINGLE (Groundball, 34D, EV 107.5 MPH)
Batting: RHB Latif Won 0-0: Ball
1-0: Ball
2-0: Ball
3-0: Called Strike
3-1: Foul Ball, location: 2F
3-2: DOUBLE (Line Drive, 7LM, EV 95.6 MPH)
T.J. Carter to third
Runner from 3rd tries for Home, SAFE, throw by LF to trailing runner, SAFE at third!
Batting: LHB Stuart Beale 0-0: Ball
1-0: Called Strike
1-1: Ball
2-1: Foul Ball, location: 2F
2-2: Ball
3-2: Base on Balls
Batting: RHB Kyle Bruns 0-0: Ball
1-0: Foul Ball, location: 2F
1-1: Called Strike
1-2: Foul Ball, location: 2F
1-2: Foul Ball, location: 2F
1-2: Foul Ball, location: 2F
1-2: Foul Ball, location: 2F
1-2: Grounds into double play, 4-6-3 (Groundball, 34, EV 84.4 MPH)
Bottom of the 1st over - 1 run, 2 hits, 0 errors, 1 left on base; Los Angeles 0 - Denver 1
TOP OF THE 2ND
Los Angeles Dinos batting - Pitching for Denver Bulls : LHP Jayden Heim
Batting: RHB Karson Gibson 0-0: Foul Ball, location: 2F
0-1: Ball
1-1: Ball
2-1: Ball
3-1: Foul Ball, location: 2F
3-2: Foul Ball, location: 2F
3-2: Foul Ball, location: 2F
3-2: Strikes out looking
Batting: RHB Orrin Perkins 0-0: Ball
1-0: Ball
2-0: DOUBLE (Groundball, 5L, EV 111.2 MPH)
Batting: LHB Shawn Hickey 0-0: Ball
1-0: Called Strike
1-1: Ground out 5-3 (Groundball, 56, EV 100.0 MPH)
Batting: RHB Derick Murphy 0-0: Ball
1-0: Ball
2-0: Called Strike
2-1: Swinging Strike
2-2: Strikes out swinging
Top of the 2nd over - 0 runs, 1 hit, 0 errors, 1 left on base; Los Angeles 0 - Denver 1
BOTTOM OF THE 2ND
Denver Bulls batting - Pitching for Los Angeles Dinos : RHP Phil Russell
Batting: LHB Vince Ridgway 0-0: DOUBLE (Flyball, 7LD, EV 108.1 MPH)
Batting: RHB Liam Gill 0-0: Foul Ball, location: 2F
0-1: Ball
1-1: Foul Ball, location: 2F
1-2: Ground out 5-3 (Groundball, 56, EV 101.2 MPH)
Batting: SHB Lindsay Einaudi 0-0: SINGLE (Line Drive, 6M, EV 98.1 MPH)
Vince Ridgway to third
Batting: RHB Odell Mapute 0-0: Swinging Strike
0-1: Ball
1-1: Ground out 6-3 (Groundball, 6S, EV 63.8 MPH)
Vince Ridgway scores
Lindsay Einaudi to second
Batting: LHB Johnathan Wang 0-0: Ball
1-0: Swinging Strike
1-1: Fly out, F7 (Line Drive, 78M, EV 95.0 MPH)
Bottom of the 2nd over - 1 run, 2 hits, 0 errors, 1 left on base; Los Angeles 0 - Denver 2
TOP OF THE 3RD
Los Angeles Dinos batting - Pitching for Denver Bulls : LHP Jayden Heim
Batting: RHB Cody Turner 0-0: Ball
1-0: Ball
2-0: Called Strike
2-1: SINGLE (Line Drive, 9S, EV 112.5 MPH)
Batting: RHB Rob Detling 0-0: Fly out, F8 (Flyball, 8LS, EV 72.5 MPH)
Batting: LHB Tris Chikumbu 0-0: Called Strike
0-1: Ball
1-1: Foul Ball, location: 2F
1-2: Strikes out swinging
Batting: RHB Andy Dillon 0-0: Ball
1-0: Called Strike
1-1: Swinging Strike
1-2: Ball
2-2: Ball
3-2: Foul Ball, location: 2F
3-2: Foul Ball, location: 2F
3-2: Reached on error, E5 (Groundball, 5S, EV 81.2 MPH)
Cody Turner to second
Batting: RHB Vince Cox 0-0: Ball
1-0: Ball
2-0: Called Strike
2-1: Foul Ball, location: 2F
2-2: Ball
3-2: Foul Ball, location: 2F
3-2: Foul Ball, location: 2F
3-2: Foul Ball, location: 2F
3-2: Foul Ball, location: 2F
3-2: Strikes out swinging
Top of the 3rd over - 0 runs, 1 hit, 1 error, 2 left on base; Los Angeles 0 - Denver 2
BOTTOM OF THE 3RD
Denver Bulls batting - Pitching for Los Angeles Dinos : RHP Phil Russell
Batting: SHB T.J. Carter 0-0: Swinging Strike
0-1: Ball
1-1: Fly out, F8 (Flyball, 89M, EV 91.9 MPH)
Batting: RHB Latif Won 0-0: Ball
1-0: Foul Ball, location: 2F
1-1: SINGLE (Line Drive, 7LM, EV 108.1 MPH)
Batting: LHB Stuart Beale 0-0: Foul Ball, location: 2F
0-1: Foul Ball, location: 2F
0-2: Fielders Choice at 2nd, 1-6 (Groundball, 13, EV 67.5 MPH)
Batting: RHB Kyle Bruns 0-0: Called Strike
0-1: Ball
1-1: SINGLE (Groundball, 3D, EV 96.9 MPH)
Stuart Beale to second
Runner from 2nd tries for 3rd, SAFE, no throw by RF
Batting: LHB Vince Ridgway 0-0: Ball
1-0: Swinging Strike
1-1: Ball
2-1: SINGLE (Line Drive, 7LS, EV 101.9 MPH)
Stuart Beale scores
Kyle Bruns to second
Batting: RHB Liam Gill 0-0: SINGLE (Groundball, 56D, EV 100.0 MPH)
Kyle Bruns to third
Vince Ridgway to second
Batting: SHB Lindsay Einaudi 0-0: Ball
1-0: Ball
2-0: Ball
3-0: Called Strike
3-1: Fly out, F5 (Popup, 5SF, EV 79.4 MPH)
Bottom of the 3rd over - 1 run, 4 hits, 0 errors, 3 left on base; Los Angeles 0 - Denver 3
TOP OF THE 4TH
Los Angeles Dinos batting - Pitching for Denver Bulls : LHP Jayden Heim
Batting: RHB Karson Gibson 0-0: Ball
1-0: Called Strike
1-1: Fly out, F8 (Flyball, 78D, EV 79.4 MPH)
Batting: RHB Orrin Perkins 0-0: Called Strike
0-1: Ball
1-1: Ground out 3-1 (Groundball, 34, EV 91.2 MPH)
Batting: LHB Shawn Hickey 0-0: Ball
1-0: Called Strike
1-1: Ball
2-1: Foul Ball, location: 2F
2-2: Strikes out swinging
Top of the 4th over - 0 runs, 0 hits, 0 errors, 0 left on base; Los Angeles 0 - Denver 3
BOTTOM OF THE 4TH
Denver Bulls batting - Pitching for Los Angeles Dinos : RHP Phil Russell
Batting: RHB Odell Mapute 0-0: Foul Ball, location: 2F
0-1: Called Strike
0-2: Foul Ball, location: 2F
0-2: Foul Ball, location: 2F
0-2: DOUBLE (Line Drive, 5D, EV 98.1 MPH)
Batting: LHB Johnathan Wang 0-0: Ball
1-0: Ball
2-0: Foul Ball, location: 2F
2-1: Ball
3-1: SINGLE (Groundball, 4MD, EV 103.1 MPH)
Odell Mapute to third
Batting: SHB T.J. Carter 0-0: Fielders Choice at 2nd, 6-4 (Groundball, 6, EV 92.5 MPH)
Odell Mapute scores
Batting: RHB Latif Won Pickoff Play to 1st, Runner tries for 2nd, OUT after rundown.
0-0: Foul Ball, location: 2F
0-1: SINGLE (Line Drive, 7S, EV 95.6 MPH)
Batting: LHB Stuart Beale 0-0: Ball
1-0: 2-RUN HOME RUN (Flyball, 7D, EV 101.2 MPH), Distance : 381 ft
Pitching: RHP Jamie Martino
Batting: RHB Kyle Bruns 0-0: Fly out, F8 (Flyball, 8LD, EV 92.5 MPH)
Bottom of the 4th over - 3 runs, 4 hits, 0 errors, 0 left on base; Los Angeles 0 - Denver 6
TOP OF THE 5TH
Los Angeles Dinos batting - Pitching for Denver Bulls : LHP Jayden Heim
Batting: RHB Derick Murphy 0-0: Ground out 5-3 (Groundball, 56, EV 104.4 MPH)
Pitching: RHP Bradly Renne
Batting: RHB Cody Turner 0-0: Called Strike
0-1: Foul Ball, location: 2F
0-2: Strikes out swinging
Batting: RHB Rob Detling 0-0: Ball
1-0: Called Strike
1-1: Ball
2-1: Ground out 6-3 (Groundball, 56, EV 97.5 MPH)
Top of the 5th over - 0 runs, 0 hits, 0 errors, 0 left on base; Los Angeles 0 - Denver 6
BOTTOM OF THE 5TH
Denver Bulls batting - Pitching for Los Angeles Dinos : RHP Jamie Martino
Batting: LHB Vince Ridgway 0-0: Ground out U3 (Groundball, 3, EV 108.8 MPH)
Batting: RHB Liam Gill 0-0: Called Strike
0-1: Ball
1-1: Foul Ball, location: 2F
1-2: Ball
2-2: Ball
3-2: Foul Ball, location: 2F
3-2: Base on Balls
Batting: SHB Lindsay Einaudi 0-0: Foul Ball, location: 2F
0-1: DOUBLE (Line Drive, 8LD, EV 103.1 MPH)
Liam Gill to third
Runner from 3rd tries for Home, SAFE, throw by CF to home
Batting: RHB Odell Mapute 0-0: Called Strike
0-1: Foul Ball, location: 2F
0-2: Strikes out looking
Batting: LHB Johnathan Wang 0-0: Ball
1-0: Called Strike
1-1: Foul Ball, location: 2F
1-2: Fly out, F6 (Line Drive, 6, EV 66.9 MPH)
Bottom of the 5th over - 1 run, 1 hit, 0 errors, 1 left on base; Los Angeles 0 - Denver 7
TOP OF THE 6TH
Los Angeles Dinos batting - Pitching for Denver Bulls : RHP Bradly Renne
Batting: LHB Tris Chikumbu 0-0: Hit by Pitch
Batting: RHB Andy Dillon 0-0: Ball
1-0: Ball
2-0: Ball
3-0: Called Strike
3-1: 2-RUN HOME RUN (Flyball, 9D, EV 94.4 MPH), Distance : 382 ft
Batting: RHB Vince Cox 0-0: Foul Ball, location: 2F
0-1: Called Strike
0-2: Strikes out swinging
Batting: RHB Karson Gibson 0-0: Called Strike
0-1: Ball
1-1: Fly out, F7 (Line Drive, 7, EV 93.1 MPH)
Batting: RHB Orrin Perkins 0-0: Called Strike
0-1: Ball
1-1: Ball
2-1: Ball
3-1: Called Strike
3-2: Foul Ball, location: 2F
3-2: Foul Ball, location: 2F
3-2: Fly out, F3 (Popup, 23F, EV 87.5 MPH)
Top of the 6th over - 2 runs, 1 hit, 0 errors, 0 left on base; Los Angeles 2 - Denver 7
BOTTOM OF THE 6TH
Denver Bulls batting - Pitching for Los Angeles Dinos : RHP Jamie Martino
Batting: SHB T.J. Carter 0-0: Called Strike
0-1: Ball
1-1: Ball
2-1: Foul Ball, location: 2F
2-2: Ball
3-2: SOLO HOME RUN (Flyball, 9D, EV 95.6 MPH), Distance : 361 ft
Batting: RHB Latif Won 0-0: Called Strike
0-1: Ball
1-1: SOLO HOME RUN (Flyball, 7D, EV 100.0 MPH), Distance : 378 ft
Batting: LHB Stuart Beale 0-0: Ball
1-0: Ball
2-0: Ball
3-0: Called Strike
3-1: Base on Balls
Batting: RHB Kyle Bruns 0-0: Called Strike
Stuart Beale steals 2nd base
0-1: Foul Ball, location: 2F
0-2: SINGLE (Flyball, 3D, EV 93.8 MPH)
Stuart Beale to third
Batting: LHB Vince Ridgway 0-0: Ball
1-0: Fly out, F6 (Popup, 6S, EV 80.6 MPH)
Batting: RHB Liam Gill 0-0: Ball
1-0: Fly out, F8 (Flyball, 8LM, EV 73.8 MPH)
Runner from 3rd tags up, SCORES, throw by CF
Batting: SHB Lindsay Einaudi 0-0: Ground out 3-1 (Groundball, 34S, EV 66.9 MPH)
Bottom of the 6th over - 3 runs, 3 hits, 0 errors, 1 left on base; Los Angeles 2 - Denver 10
TOP OF THE 7TH
Los Angeles Dinos batting - Pitching for Denver Bulls : RHP Bradly Renne
Batting: LHB Shawn Hickey 0-0: Ball
1-0: Ball
2-0: Ball
3-0: Called Strike
3-1: SINGLE (Groundball, 5D, EV 106.9 MPH)
Batting: RHB Derick Murphy 0-0: Ball
1-0: Swinging Strike
1-1: Foul Ball, location: 2F
1-2: SINGLE (Groundball, 6MS, EV 74.4 MPH) (infield hit)
Shawn Hickey to second
Batting: RHB Cody Turner 0-0: Ball
1-0: Called Strike
1-1: Swinging Strike
1-2: Strikes out swinging
Batting: RHB Rob Detling 0-0: Called Strike
0-1: Hit by Pitch
Shawn Hickey to third
Derick Murphy to second
Batting: LHB Tris Chikumbu 0-0: Hit by Pitch
Shawn Hickey scores
Derick Murphy to third
Rob Detling to second
Batting: RHB Andy Dillon 0-0: Called Strike
0-1: Called Strike
0-2: Ball
1-2: Ball
2-2: Ball
3-2: DOUBLE (Flyball, 89D, EV 96.2 MPH)
Derick Murphy scores
Rob Detling scores
Tris Chikumbu to third
Runner from 3rd tries for Home, SAFE, throw by CF to home
Pitching: LHP Kingston Fry
Batting: RHB Vince Cox 0-0: Called Strike
0-1: Ball
1-1: Swinging Strike
1-2: Strikes out swinging
Batting: RHB Karson Gibson 0-0: Ball
1-0: Called Strike
1-1: Ball
2-1: Ball
3-1: Base on Balls
Batting: RHB Orrin Perkins 0-0: Called Strike
0-1: Ball
1-1: Ball
2-1: Ball
3-1: Ground out 4-3 (Groundball, 4, EV 103.8 MPH)
Top of the 7th over - 4 runs, 3 hits, 0 errors, 2 left on base; Los Angeles 6 - Denver 10
BOTTOM OF THE 7TH
Denver Bulls batting - Pitching for Los Angeles Dinos : RHP Jamie Martino
Pitching: RHP Liam Polyak
Batting: RHB Odell Mapute 0-0: Ball
1-0: Foul Ball, location: 2F
1-1: Ball
2-1: Called Strike
2-2: Ball
3-2: Base on Balls
Batting: LHB Johnathan Wang 0-0: Ball
Odell Mapute steals 2nd base
1-0: Ground out 3-1 (Groundball, 34S, EV 65.6 MPH)
Odell Mapute to third
Batting: SHB T.J. Carter 0-0: Fly out, F8 (Flyball, 8LXD, EV 106.2 MPH)
Runner from 3rd tags up, SCORES, no throw by CF
Batting: RHB Latif Won 0-0: Ball
1-0: Foul Ball, location: 2F
1-1: Ball
2-1: SINGLE (Groundball, 6MD, EV 98.8 MPH)
Batting: LHB Stuart Beale 0-0: Ball
1-0: Foul Ball, location: 2F
1-1: Ball
Wild Pitch!
Latif Won to second
2-1: Foul Ball, location: 2F
2-2: Ball
3-2: Foul Ball, location: 2F
3-2: Ground out U3 (Groundball, 34, EV 83.8 MPH)
Bottom of the 7th over - 1 run, 1 hit, 0 errors, 1 left on base; Los Angeles 6 - Denver 11
TOP OF THE 8TH
Los Angeles Dinos batting - Pitching for Denver Bulls : LHP Kingston Fry
Batting: LHB Shawn Hickey 0-0: Called Strike
0-1: Ball
1-1: Called Strike
1-2: Strikes out swinging
Batting: RHB Derick Murphy 0-0: Called Strike
0-1: Ball
1-1: Foul Ball, location: 2F
1-2: Ground out 5-3 (Groundball, 56S, EV 72.5 MPH)
Batting: RHB Cody Turner 0-0: Called Strike
0-1: Ball
1-1: Called Strike
1-2: SINGLE (Groundball, 56S, EV 70.0 MPH) (infield hit)
Batting: RHB Rob Detling 0-0: Ball
1-0: Ball
2-0: Ball
3-0: Base on Balls
Cody Turner to second
Batting: LHB Tris Chikumbu 0-0: Foul Ball, location: 2F
0-1: Fielders Choice at 2nd, 6-4 (Groundball, 6, EV 79.4 MPH)
Top of the 8th over - 0 runs, 1 hit, 0 errors, 2 left on base; Los Angeles 6 - Denver 11
BOTTOM OF THE 8TH
Denver Bulls batting - Pitching for Los Angeles Dinos : RHP Liam Polyak
Batting: RHB Kyle Bruns 0-0: Foul Ball, location: 2F
0-1: Ball
1-1: Swinging Strike
1-2: Strikes out swinging
Batting: LHB Vince Ridgway 0-0: Ball
1-0: SINGLE (Groundball, 4D, EV 96.9 MPH)
Batting: RHB Liam Gill 0-0: Called Strike
0-1: Foul Ball, location: 2F
0-2: Ball
Vince Ridgway steals 2nd base
1-2: SINGLE (Flyball, 78S, EV 99.4 MPH)
Vince Ridgway to third
Throwing error, E7
Vince Ridgway scores
Liam Gill to second
Batting: SHB Lindsay Einaudi 0-0: Ball
1-0: Foul Ball, location: 2F
1-1: SINGLE (Line Drive, 9S, EV 94.4 MPH)
Liam Gill to third
Runner from 3rd tries for Home, throw by RF and OUT! 9-2
Batting: RHB Odell Mapute 0-0: Called Strike
0-1: Fly out, F9 (Flyball, 9, EV 82.5 MPH)
Bottom of the 8th over - 1 run, 3 hits, 1 error, 1 left on base; Los Angeles 6 - Denver 12
TOP OF THE 9TH
Los Angeles Dinos batting - Pitching for Denver Bulls : LHP Kingston Fry
Batting: RHB Andy Dillon 0-0: Foul Ball, location: 2F
0-1: Swinging Strike
0-2: Strikes out swinging
Batting: RHB Vince Cox 0-0: Called Strike
0-1: Swinging Strike
0-2: Ball
1-2: Strikes out swinging
Batting: RHB Karson Gibson 0-0: Foul Ball, location: 2F
0-1: Swinging Strike
0-2: Ball
1-2: Foul Ball, location: 2F
1-2: Ball
2-2: Foul Ball, location: 2F
2-2: Ball
3-2: Fly out, F4 (Popup, 34S, EV 85.6 MPH)
Top of the 9th over - 0 runs, 0 hits, 0 errors, 0 left on base; Los Angeles 6 - Denver 12
Sunday, May 5th , 2024 - OOTP Baseball 23.10 Build 110